 Dungeon Crawl Stone Soup version 0.31-a0-1620-gcbf77bbcfc (webtiles) character file.

Game seed: 1791379188715444346

5956 SirFunk the Grappler (level 10, -1/92 HPs)
             Began as a Troll Shapeshifter on Jan 10, 2024.
             Was a Priest of the Shining One.
             Killed by divine providence
             ... invoked by an orc priest
              (13 damage)
             ... on level 9 of the Dungeon on Jan 12, 2024.
             The game lasted 00:32:33 (6382 turns).

SirFunk the Grappler (Troll Shapeshifter)           Turns: 6382, Time: 00:32:34

Health: -1/92      AC:  7    Str: 28    XL:     10   Next: 54%
Magic:  9/9        EV: 10    Int:  6    God:    the Shining One [***...]
Gold:   343        SH:  0    Dex:  9    Spells: 3/9 levels left

rFire   + .          .
                       - Unarmed
rCold   . . .        (no shield)
rNeg    + . .        O - +0 steam dragon scales
rPois   .            (helmet currently unavailable)
rElec   .            (cloak currently unavailable)
rCorr   .            (gloves unavailable)
SInv    .            (boots unavailable)
Will    .....        (no amulet)
Stlth   +            m - +4 ring of slaying
HPRegen 1.15/turn    o - ring of protection from fire
MPRegen 0.11/turn

%: no passive effects
@: beast-form, glowing
A: beast (slay +4), large, unfitting armour, claws 3, regeneration 1, shaggy fur
1, tough skin 1
a: Begin Untransformation, Renounce Religion, Divine Shield, Cleansing Flame


You were on level 9 of the Dungeon.
You worshipped the Shining One.
The Shining One was most pleased with you.
You were a hulking beast.
You visited 1 branch of the dungeon, and saw 9 of its levels.

You collected 427 gold pieces.
You spent 84 gold pieces at shops.

Inventory:

Hand Weapons
 B - a +2 whip of venom
 M - a +1 whip of venom
Missiles
 n - 3 boomerangs (quivered)
 J - a throwing net
Armour
 e - a +2 pair of boots
 k - a +2 cloak
 t - a +0 troll leather armour
 C - a scarf of repulsion
 D - a +0 tower shield
 I - a +0 robe of fire resistance
 O - +0 steam dragon scales (worn)
Magical Staves
 v - a staff of conjuration
Jewellery
 m - a +4 ring of slaying (left claw)
 o - a ring of protection from fire (right claw)
 G - a ring of positive energy
Talismans
 c - a beast talisman (active)
 d - a flux talisman
 s - a serpent talisman
Wands
 y - a wand of acid (1)
 H - a wand of charming (2)
 L - a wand of digging (5)
Scrolls
 f - 15 scrolls of identify {unknown}
 g - 2 scrolls of brand weapon
 h - a scroll of fog {unknown}
 j - 4 scrolls of enchant armour {unknown}
 p - 4 scrolls of enchant weapon {unknown}
 u - a scroll of noise {unknown}
 w - 3 scrolls of blinking {unknown}
 E - 3 scrolls of teleportation {unknown}
 F - 2 scrolls of vulnerability {unknown}
Potions
 a - a potion of resistance {unknown}
 b - 2 potions of might {unknown}
 i - a potion of degeneration {unknown}
 l - a potion of ambrosia {unknown}
 q - 4 potions of mutation {unknown}
 r - 5 potions of heal wounds {unknown}
 x - 2 potions of brilliance {unknown}
 z - a potion of haste {unknown}
 A - 2 potions of curing {unknown}
 K - a potion of invisibility {unknown}
 N - 2 potions of enlightenment {unknown}


   Skills:
 + Level 3.8 Fighting
 + Level 3.5 Dodging
 + Level 11.9 Unarmed Combat
 + Level 2.2 Summonings
 + Level 2.3 Translocations
 + Level 2.1 Air Magic
 - Level 0.5 Evocations
 * Level 7.1 Shapeshifting


You had 3 spell levels left.
You knew the following spells:

 Your Spells              Type           Power      Damage    Failure   Level
a - Summon Lightning Spi  Summ/Air       2%         N/A       90%         4
b - Blink                 Tloc           4%         N/A       30%         2

Your spell library contained the following spells:

 Spells                   Type           Power      Damage    Failure   Level
 Call Imp                 Summ           4%         N/A       30%         2
 Shock                    Conj/Air       4%         1d3       32%         1
 Mercury Vapours          Alch/Air       2%         N/A       45%         2
 Static Discharge         Conj/Air       2%         3-4/arc   45%         2
 Swiftness                Air            2%         N/A       54%         3
 Sublimation of Blood     Necr           0%         N/A       58%         2
 Summon Ice Beast         Ice/Summ       1%         N/A       67%         3
 Volatile Blastmotes      Fire/Tloc      2%         2d10      67%         3
 Mephitic Cloud           Conj/Alch/Air  0%         N/A       75%         3
 Dazzling Flash           Conj/Hex       0%         N/A       83%         3
 Hailstorm                Conj/Ice       0%         3d5       83%         3
 Vhi's Electric Charge    Tloc/Air       4%         N/A       90%         4
 Airstrike                Air            1%         2d(1-17)  91%         4
 Arcjolt                  Conj/Air       0%         1d10      100%        5
 Freezing Cloud           Conj/Ice/Air   0%         6-21      100%        5
 Sculpt Simulacrum        Ice/Alch       0%         N/A       100%        6
 Starburst                Conj/Fire      0%         6d3       100%        6
 Malign Gateway           Summ/Tloc      1%         N/A       100%        7
 Summon Hydra             Summ           1%         N/A       100%        7
 Maxwell's Capacitive Co  Air            1%         ∞         100%        8
 Summon Horrible Things   Summ           1%         N/A       100%        8


Dungeon Overview and Level Annotations

Branches:
Dungeon (9/15)             Temple (0/1) D:6
   Lair: D:8-11         Orc: D:9-12

Altars:
Dithmenos
Elyvilon
Fedhas
Gozag
Makhleb
Nemelex Xobeh
Okawaru
Qazlal
Sif Muna
Uskayaw
Wu Jian
The Shining One

Shops:
D:1 [   D:7 :(


Innate Abilities, Weirdness & Mutations

You are a hulking beast.
Your limbs bulge with bestial killing power. (Slay +4)
You are too large for most types of armour.
You have claws for hands.
Your natural rate of healing is unusually fast.
You are covered in fur. (AC +1)
You have tough skin. (AC +1)


Message History

The troll attacks as it pursues you! The troll bites you.
The troll claws you! x2
You're too confused to move!
The troll bites you! The troll claws you. x2
You bump into the rock wall.
The troll bites you. The troll closely misses you.
The troll claws you but does no damage. The troll attacks as it pursues you!
The troll bites you. The troll claws you!
* * * LOW HITPOINT WARNING * * *
The troll claws you.
* * * LOW HITPOINT WARNING * * *
You are too confused!
Unknown command.
Okay, then.
There is an open door here.
You feel less confused.
You claw the troll!
The troll is moderately wounded.
The troll completely misses you. The troll barely misses you.
The troll closely misses you.
You scratch the troll. You claw the troll!
The troll is severely wounded.
The troll bites you!
* * * LOW HITPOINT WARNING * * *
The troll claws you!
* * * LOW HITPOINT WARNING * * *
The troll claws you.
* * * LOW HITPOINT WARNING * * *
You claw the troll!
The troll is almost dead.
The troll misses you. The troll claws you.
* * * LOW HITPOINT WARNING * * *
The troll misses you.
Unknown command.
As you read the scroll labelled GAR PUIPHURUOG, it crumbles to dust.
It is a scroll of brand weapon.
Your +2 whip of freezing drips with poison.
B - a +2 whip of venom The troll completely misses you.
The troll barely misses you. The troll closely misses you.
The orc priest invokes the aid of Beogh against you.
Beogh smites you!
You die...

.......# #.......#
#........ .......###
#.......# ##........
.........###.......#
..........
.......#...#.......#
..#........
.......###.#.......##..
#........ ###.####
#o#.......'..#
#........ #..>#
#o'o......# #........
#.### ###..T....#
######.## #.# #####h###
#..# #.# ##.#
##########'# #.### #..#
#........).. ....#
#######'###
#...........
....#####.........#
#...........
....#...'.........+
#...........
....#.###.........#
#........... ......#
#.%.......#
#........... ....###
########'##
+...........


You could see a troll, an orc priest, an orc wizard and an orc.

Vanquished Creatures
  2 two-headed ogres (D:9)
  Pikel (D:4)
  4 yaks (D:8)
  A wyvern (D:9)
  A steam dragon (D:8)
  Edmund (D:6)
  2 ogres
  2 black bears
  2 orc warriors
  A lemure (D:4)
  A phantom (D:4)
  A kobold brigand (D:8)
  4 bullfrogs
  A gnoll sergeant (D:9)
  13 wights
  10 killer bees (D:8)
  3 jellies (D:6)
  5 hounds
  4 orc priests
  2 gnoll boudas
  A sleepcap (D:7)
  5 iguanas
  Ijyb (D:5)
  7 orc wizards
  15 gnolls
  7 adders
  2 shadow imps (D:7)
  3 white imps
  2 ufetubi (D:6)
  6 dart slugs
  15 orcs
  5 ball pythons
  7 endoplasms
  2 giant cockroaches (D:1)
  9 goblins
  7 hobgoblins
  8 jackals
  6 kobolds
  4 quokkas
  3 bats (D:1)
  A frilled lizard (D:3)
  3 rats
180 creatures vanquished.

Vanquished Creatures (collateral kills)
  An ogre (D:7)
  A scorpion (D:7)
  4 orcs (D:7)
6 creatures vanquished.

Vanquished Creatures (others)
  An orc warrior (D:7)
1 creature vanquished.

Grand Total: 187 creatures vanquished

Notes
Turn   | Place    | Note
-------+----------+-------------------------------------------
     0 | D:1      | SirFunk the Troll Shapeshifter began the quest for the Orb.
     0 | D:1      | Reached XP level 1. HP: 18/18 MP: 0/0
    76 | D:1      | Reached skill level 1 in Fighting
    94 | D:1      | Reached XP level 2. HP: 27/27 MP: 1/1
   167 | D:1      | Found Kouwk's Antique Armour Shoppe.
   258 | D:1      | Found a faded altar of an unknown god.
   290 | D:1      | Prayed at the altar of an unknown god.
   290 | D:1      | Became a worshipper of the Shining One
   290 | D:1      | Reached * piety under the Shining One
   319 | D:1      | Reached XP level 3. HP: 33/33 MP: 2/2
  1113 | D:2      | Reached skill level 4 in Unarmed Combat
  1544 | D:3      | Found a blossoming altar of Fedhas.
  1722 | D:3      | Found an opulent altar of Gozag.
  1837 | D:3      | Found a shimmering blue altar of Sif Muna.
  2108 | D:3      | Reached XP level 4. HP: 41/41 MP: 3/3
  2407 | D:4      | Noticed a phantom
  2418 | D:4      | Killed a phantom
  2419 | D:4      | Reached skill level 5 in Unarmed Combat
  2419 | D:4      | Reached XP level 5. HP: 48/48 MP: 4/4
  2455 | D:4      | Found a stormy altar of Qazlal.
  2505 | D:4      | Noticed an ogre
  2513 | D:4      | Killed an ogre
  2514 | D:4      | Reached skill level 6 in Unarmed Combat
  2514 | D:4      | Reached XP level 6. HP: 22/55 MP: 5/5
  2727 | D:4      | Noticed Pikel
  2736 | D:4      | Killed Pikel
  2737 | D:4      | Reached skill level 8 in Unarmed Combat
  2737 | D:4      | Reached XP level 7. HP: 62/62 MP: 6/6
  2822 | D:5      | Entered Level 5 of the Dungeon
  2933 | D:5      | Found an iron altar of Okawaru.
  2968 | D:5      | Noticed Ijyb
  2975 | D:5      | Killed Ijyb
  3059 | D:5      | Reached skill level 9 in Unarmed Combat
  3059 | D:5      | Reached XP level 8. HP: 70/70 MP: 7/7
  3175 | D:5      | Reached ** piety under the Shining One
  3493 | D:6      | Reached skill level 10 in Unarmed Combat
  3516 | D:6      | Found a staircase to the Ecumenical Temple.
  3537 | D:6      | Noticed Edmund
  3542 | D:6      | Killed Edmund
  3817 | D:6      | Found a burning altar of Makhleb.
  3889 | D:6      | Found a white marble altar of Elyvilon.
  3975 | D:6      | Found an ornate altar of the Wu Jian Council.
  4379 | D:7      | Reached skill level 11 in Unarmed Combat
  4379 | D:7      | Reached XP level 9. HP: 39/79 MP: 8/8
  4417 | D:7      | Reached skill level 5 in Shapeshifting
  4559 | D:7      | Reached *** piety under the Shining One
  4766 | D:7      | Learned a level 4 spell: Summon Lightning Spire
  4778 | D:7      | Found Duluimn's Tiny Tomes.
  4783 | D:7      | Upgraded the game from 0.31-a0-1612-g4aaf141004 to
                  | 0.31-a0-1620-gcbf77bbcfc
  4787 | D:7      | Bought the Octavo of the Blink Frog for 84 gold pieces
  4790 | D:7      | Learned a level 2 spell: Blink
  5031 | D:7      | Found Bebb's Weapon Boutique.
  5044 | D:8      | Found a sparkling altar of Nemelex Xobeh.
  5045 | D:8      | Found a hide-covered altar of Uskayaw.
  5330 | D:8      | Reached skill level 1 in Summonings
  5330 | D:8      | Reached skill level 1 in Air Magic
  5331 | D:8      | Reached skill level 1 in Translocations
  5340 | D:8      | Reached XP level 10. HP: 91/91 MP: 9/9
  5392 | D:8      | Found a shadowy altar of Dithmenos.
  6176 | D:9      | Noticed a two-headed ogre
  6180 | D:9      | Killed a two-headed ogre
  6188 | D:9      | Noticed a two-headed ogre
  6193 | D:9      | Killed a two-headed ogre
  6382 | D:9      | Killed from afar by an orc priest

Illustrated notes

Levels and vault maps discovered:
D:1:      scummos_arrival_gate, layout_rooms, shapermc_ecumenical_altar_gd,
          serial_shops, shop, minmay_indecisive_spiral
D:2:      layout_basic, grunt_decor_arrowhead
D:3:      layout_loops_corners, old_standard_altar,
          mainiacjoe_overflow_24_doors, mainiacjoe_overflow_tiny_flanked,
          minmay_surrounded
D:4:      layout_basic, mainiacjoe_overflow_catwalk, kennysheep_flooded_box,
          uniq_pikel
D:5:      layout_cave_pools, mainiacjoe_overflow_six_doors_small, uniq_ijyb
D:6:      layout_basic, nzn_wu_jian_council_hall,
          mainiacjoe_overflow_cross_hatched, nicolae_elyvilon_peaceful_grove,
          minmay_temple_entry_mini_moons, serial_corexii_hall,
          corexii_hall_statues_l, corexii_hall_statues_l, uniq_edmund
D:7:      layout_basic, serial_shops, nicolae_stop_n_shop_1,
          nicolae_shop_i_like_small_books_too, nicolae_twisty_statue_hallways
D:8:      layout_basic, grunt_dithmenos_smoke_and_mirrors,
          grunt_temple_overflow_open
D:9:      layout_roguey

Skill      XL: |  1  2  3  4  5  6  7  8  9 10 |
---------------+-------------------------------+-----
Fighting       | 1 2 3 |  3.8
Unarmed Combat | 4 5 6 8 9 11 | 11.9
Shapeshifting  | 4 6 7 |  7.1
Dodging        | 2 3 |  3.5
Summonings     | 1 2 |  2.2
Air Magic      | 1 2 |  2.1
Translocations | 1 2 |  2.3
Evocations     | |  0.5

Action                     |  1- 3 |  4- 6 |  7- 9 | 10-12 || total
---------------------------+-------+-------+-------+-------++-------
  Melee: Unarmed           |    77 |    32 |   161 |    45 ||   315
         Punch             |     1 |     2 |     5 |     2 ||    10
 Invoke: Cleansing Flame   |       |       |     1 |       ||     1
Ability: Begin Untransform |     1 |       |       |       ||     1
  Evoke: Wand              |       |     2 |     5 |     1 ||     8
    Use: Scroll            |       |       |       |     1 ||     1
         Potion            |       |       |       |     1 ||     1
 Armour: Animal skin       |    32 |       |       |       ||    32
         Troll leather arm |    14 |    17 |   109 |    11 ||   151
         Steam dragon scal |       |       |       |    44 ||    44
         Skin              |       |       |       |    10 ||    10
  Dodge: Dodged            |    33 |    14 |    62 |    31 ||   140
   Form: Beast             |     2 |       |       |       ||     2

Table legend: (Time is in decaauts)
 A = Elapsed time spent in this place.
 B = Non-inter-level travel time spent in this place.
 C = Inter-level travel time spent in this place.
 D = Time resting spent in this place.
 E = Time spent auto-exploring this place.
 F = Levels seen in this place.
 G = Mean time per level.
                   A        B        C        D        E       F      G
               +--------+--------+--------+--------+--------+-----+--------+
         Total |   6334 |   5856 |    478 |    250 |   3350 |   9 |  703.8 |
       Dungeon |   6334 |   5856 |    478 |    250 |   3350 |   9 |  703.8 |
               +--------+--------+--------+--------+--------+-----+--------+

Top non-repeatable levels by time:
     D:3: 915 daAuts
     D:6: 896 daAuts
     D:2: 873 daAuts
     D:8: 846 daAuts
     D:7: 838 daAuts
     D:1: 605 daAuts
     D:5: 590 daAuts
     D:4: 473 daAuts
     D:9: 295 daAuts
